 Dungeon Crawl Stone Soup version 0.30-a0-715-gdb4ae3ece1 (webtiles) character file.

Game seed: 17459139952694338726

37 voltaire321 the Stinger (level 3, -5/19 (22) HPs)
             Began as a Merfolk Venom Mage on Jan 23, 2023.
             Was a Follower of Hepliaklqana.
             Slain by Ijyb
             ... wielding a +1 dagger of draining
              (6 damage)
             ... on level 3 of the Dungeon.
             The game lasted 00:05:27 (2261 turns).

voltaire321 the Stinger (Merfolk Venom Mage)        Turns: 2261, Time: 00:05:28

HP:   -5/19 (22)    AC:  4    Str:  5    XL:     3   Next: 39%
MP:   0/6           EV: 12    Int: 16    God:    Hepliaklqana [*.....]
Gold: 123           SH:  0    Dex: 16    Spells: 5/6 levels left

rFire   . . .      SeeInvis .    i - +0 short sword
rCold   . . .      Faith    .    (no shield)
rNeg    + + .      Spirit   +    u - +1 leather armour of Qutzav {rPois rN++ Str-3 Dex+2}
rPois   +          Reflect  .    (no helmet)
rElec   .          Harm     .    (no cloak)
rCorr   .          Rampage  .    (no gloves)
Will    +....                    (no boots)
Stlth   ++                       n - amulet of guardian spirit
HPRegen 0.23/turn                l - ring of willpower
MPRegen 0.10/turn                (no ring)

@: heavily drained
A: reduced essence, (nimble swimmer 2), mertail
a: Renounce Religion, Recall Ancestor, Ancestor Identity


You were on level 3 of the Dungeon.
You worshipped Hepliaklqana.
Hepliaklqana was aware of your devotion.
You visited 1 branch of the dungeon, and saw 3 of its levels.

You collected 123 gold pieces.

Inventory:

Hand Weapons
 i - a +0 short sword (weapon)
Armour
 j - a +0 leather armour
 u - the +1 leather armour of Qutzav (worn) {rPois rN++ Str-3 Dex+2}
   (You found it on level 3 of the Dungeon)

   Str:       It affects your strength (-3).
   Dex:       It affects your dexterity (+2).
   rPois:     It protects you from poison.
   rN:        It greatly protects you from negative energy.
Magical Staves
 r - a staff of conjuration
Jewellery
 d - a ring of flight
 l - a ring of willpower (left hand)
 n - an amulet of guardian spirit (around neck)
Scrolls
 a - 2 scrolls of blinking {unknown}
 e - 5 scrolls of identify {unknown}
 g - 2 scrolls of teleportation {unknown}
 k - 2 scrolls of noise {unknown}
 p - a scroll of enchant armour {unknown}
 s - 3 scrolls of fog {unknown}
 t - 2 scrolls of fear {unknown}
Potions
 b - 2 potions of magic
 c - a potion of mutation {unknown}
 f - a potion of heal wounds {unknown}
 h - 4 potions of curing {unknown}
 m - 2 potions of flight {unknown}
 o - a potion of ambrosia {unknown}
 q - a potion of lignification {unknown}


   Skills:
 + Level 0.8 Fighting
 + Level 3.3 Dodging
 - Level 2.4 Stealth
 + Level 2.3 Spellcasting
 + Level 2.2 Transmutations
 + Level 3.6 Poison Magic


You had 5 spell levels left.
You knew the following spells:

 Your Spells              Type           Power      Damage    Failure   Level
a - Sting                 Tmut/Pois      44%        1d5       10%         1

Your spell library contained the following spells:

 Spells                   Type           Power      Damage    Failure   Level
 Poisonous Vapours        Pois/Air       14%        N/A       24%         2
 Lesser Beckoning         Tloc           2%         N/A       45%         2
 Mephitic Cloud           Conj/Pois/Air  5%         N/A       52%         3
 Olgreb's Toxic Radiance  Pois           13%        N/A       58%         4
 Gell's Gravitas          Tloc           1%         N/A       71%         3
 Teleport Other           Tloc           1%         N/A       71%         3


Dungeon Overview and Level Annotations

Branches:
Dungeon (3/15)

Altars:
Hepliaklqana

Annotations:
D:3 Ijyb


Innate Abilities, Weirdness & Mutations

Your life essence is reduced to manifest your ancestor. (-10% HP)
((You are very nimble when in or above water. (Stealth+, EV+, Speed+++)))
Your lower body shifts to a powerful aquatic tail in water.


Message History

The quokka bites you but does no damage. Æthelred hits Ijyb.
Ijyb zaps a wand.
The puff of flame misses Æthelred.
The puff of flame hits the quokka.
The quokka dies!
You barely miss Ijyb.
Ijyb is moderately wounded. Æthelred hits Ijyb but does no damage.
Ijyb misses you.
You hit Ijyb but do no damage.
Ijyb is heavily wounded. Æthelred barely misses Ijyb.
Ijyb barely misses you.
Aiming: Sting (safe; 10% risk of failure)
Press: ? - help, Q - select action, (/) - cycle Shift-Dir - straight line, f/p - Ijyb
Aim: Ijyb, wielding a +1 dagger of draining, wearing a +0 ring mail and carrying a wand of flame (18) (heavily wounded, poisoned, ally target, 68% to hit)
The sting hits Ijyb but does no damage.
Ijyb looks even sicker.
Ijyb is heavily wounded. Æthelred hits Ijyb but does no damage.
Ijyb closely misses you.
You hit Ijyb but do no damage.
Ijyb is heavily wounded. Æthelred closely misses Ijyb.
Ijyb hits you with a +1 dagger of draining.
* * * LOW HITPOINT WARNING * * *
You partially resist.
You feel drained.
You hit Ijyb but do no damage.
Ijyb is heavily wounded. Æthelred hits Ijyb but does no damage.
Ijyb hits Æthelred with a +1 dagger of draining.
You hit Ijyb.
Ijyb is severely wounded. Æthelred hits Ijyb but does no damage.
Ijyb barely misses you.
You closely miss Ijyb.
Ijyb is severely wounded. Æthelred closely misses Ijyb.
Ijyb hits you with a +1 dagger of draining.
* * * LOW HITPOINT WARNING * * *
You partially resist.
You hit Ijyb but do no damage.
Ijyb is severely wounded. Æthelred hits Ijyb.
Ijyb hits you with a +1 dagger of draining.
You die...

#####........#
#........#.#..
#.###....#
#.####.#.#
#........# #
#..####..## ##.
##..# ...#
#..##...### ##.#
#....#[..####@####
##..........†Rg?.#
#.##.#.#########.#
#.# #.#.# .. ##
#.#.# ... r.... ..
#.##. . #.# .. ...
..


You could see the friendly Æthelred the ancestor and Ijyb (poisoned, ally
target).

Vanquished Creatures
  A worm (D:2)
  3 bats
  An endoplasm (D:1)
  2 giant cockroaches (D:3)
  A goblin (D:2)
  2 hobgoblins
  7 jackals
  A quokka (D:3)
  2 ball pythons (D:1)
  4 frilled lizards
  4 kobolds (D:1)
  5 rats
  A butterfly (D:1)
34 creatures vanquished.

Vanquished Creatures (others)
  A quokka (D:3)
1 creature vanquished.

Grand Total: 35 creatures vanquished

Notes
Turn   | Place    | Note
-------+----------+-------------------------------------------
     0 | D:1      | voltaire321 the Merfolk Venom Mage began the quest for the
                  | Orb.
     0 | D:1      | Reached XP level 1. HP: 13/13 MP: 3/3
   305 | D:1      | Reached XP level 2. HP: 19/19 MP: 5/5
   962 | D:2      | Found a hazy altar of Hepliaklqana.
   967 | D:2      | Became a worshipper of Hepliaklqana the Forgotten
  1256 | D:2      | Reached XP level 3. HP: 25/25 MP: 4/6
  2202 | D:3      | Reached * piety under Hepliaklqana
  2220 | D:3      | Identified the +1 leather armour of Qutzav {rPois rN++
                  | Str-3 Dex+2}
  2240 | D:3      | Noticed Ijyb
  2261 | D:3      | Slain by Ijyb

Illustrated notes

Levels and vault maps discovered:
D:1:      evilmike_arrival_home_sweet_home, layout_basic,
          hangedman_glass_garden, minmay_tall_x
D:2:      layout_basic, basic_altar
D:3:      minmay_spotlight, layout_loops_ring, nicolae_ecumenical_oubliette,
          corexii_hall_statues_s, uniq_ijyb

Skill      XL: |  1  2 |
---------------+-------+-----
Dodging        | 3 |  3.3
Transmutations | 2 |  2.2
Fighting       | |  0.8
Stealth        | |  2.4
Spellcasting   | |  2.3
Poison Magic   | |  3.6

Action                     || total
---------------------------++-------
  Melee: Short sword       ||    76
         Unarmed           ||     1
   Cast: Sting             ||    34
   Stab: Sleeping          ||     4
 Armour: Leather armour    ||    25
  Dodge: Dodged            ||    45

Table legend: (Time is in decaauts)
 A = Elapsed time spent in this place.
 B = Non-inter-level travel time spent in this place.
 C = Inter-level travel time spent in this place.
 D = Time resting spent in this place.
 E = Time spent auto-exploring this place.
 F = Levels seen in this place.
 G = Mean time per level.
                   A        B        C        D        E       F      G
               +--------+--------+--------+--------+--------+-----+--------+
         Total |   2259 |   2242 |     17 |    101 |   1721 |   3 |  753.0 |
       Dungeon |   2259 |   2242 |     17 |    101 |   1721 |   3 |  753.0 |
               +--------+--------+--------+--------+--------+-----+--------+

Top non-repeatable levels by time:
     D:2: 1159 daAuts
     D:1: 916 daAuts
     D:3: 183 daAuts
